 Dungeon Crawl Stone Soup version 0.20.1-1-g8b1a95d (webtiles) character file.

315 Linguinho the Sneak (level 6, -2/48 HPs)
             Began as a Demonspawn Monk on Nov 9, 2017.
             Slain by a wyvern zombie (4 damage)
             ... on level 4 of the Dungeon.
             The game lasted 00:08:46 (4570 turns).

Linguinho the Sneak (Demonspawn Monk)               Turns: 4570, Time: 00:08:47

Health: -2/48      AC:  6    Str: 12    XL:     6   Next: 20%
Magic:  6/6        EV: 14    Int: 11    God:
Gold:   121        SH:  0    Dex: 17    Spells: 5/5 levels left

rFire    . . .     SeeInvis .   m - +0 dagger (vamp)
rCold    . . .     Gourm    .   (no shield)
rNeg     . . .     Faith    .   b - +0 robe
rPois    .         Spirit   .   e - +2 hat
rElec    .         Reflect  .   (no cloak)
rCorr    .         Harm     .   (no gloves)
MR       .....                  (no boots)
Stlth    ++++......             (no amulet)
Regen    0.2/turn               (no ring)
MPRegen  0.1/turn               (no ring)

@: flying
A: horns 1, yellow scales 1, nightstalker 1, spiny 1
a: no special abilities


You were on level 4 of the Dungeon.
You were very hungry.

You visited 1 branch of the dungeon, and saw 4 of its levels.

You collected 121 gold pieces.

Inventory:

Hand Weapons
 i - a +0 dagger
 m - a +0 vampiric dagger (weapon)
Armour
 b - a +0 robe (worn)
 e - a +2 hat (worn)
Wands
 q - a wand of acid (10/15)
Scrolls
 a - 2 scrolls of magic mapping
 d - a scroll of enchant armour {unknown}
 g - 2 scrolls of identify {unknown}
 h - a scroll of enchant weapon {unknown}
 k - a scroll of remove curse {unknown}
 o - a scroll of fear {unknown}
 r - a scroll of noise {unknown}
Potions
 j - a potion of degeneration {unknown}
 l - a potion of flight
 p - a potion of agility
Comestibles
 c - 2 bread rations
 n - a royal jelly


   Skills:
 + Level 3.7 Fighting
 + Level 2.5 Short Blades
   Level 3.1 Polearms
 - Level 1.0 Armour
 + Level 3.6 Dodging
 * Level 3.9 Stealth


You had 5 spell levels left.
You didn't know any spells.

Dungeon Overview and Level Annotations

Branches:
Dungeon (4/15)             Temple (0/1) D:4

Altars:
Xom


Innate Abilities, Weirdness & Mutations

You have a pair of small horns on your head.
You are partially covered in yellow scales. (AC +2)
You are slightly more attuned to the shadows.
You are partially covered in sharp spines.


Message History

The wyvern zombie bites you.
You barely miss the wyvern zombie.
You headbutt the wyvern zombie, but do no damage.
The wyvern zombie is moderately damaged.
The wyvern zombie is struck by your spines.
The wyvern zombie bites you!
* * * LOW HITPOINT WARNING * * *
The wyvern zombie barely misses you. The wyvern zombie bites you!
* * * LOW HITPOINT WARNING * * *
As you read the scroll labeled ZAOP NEBAONK, it crumbles to dust.
You feel aware of your surroundings.
You sensed 1 altar, and 1 shop/portal.
It was a scroll of magic mapping.
The wyvern zombie bites you but does no damage.
Okay, then.
Okay, then.
It was a potion of flight.
You feel very buoyant.
You fly up into the air.
The wyvern zombie bites you.
You die...

,* *,*,,*#####..#..,,,,,*,,,,,
,******,*,,#....#..#.#,,,,,,,,,,*
,,,,,,,,,,,.....#..#.#,,,,,,,,,,,
,******,,*,#.......#.#,,..,,,,,,*
,,,,,,,,,,,....#...#.#)...,,,,,,*
*******,,*,................,,,,,*
,,,,,,,..#####.#...###.....,,,,,*
,******#.##.##.#.Z....#.###******
**,,,,,#.##.....@.###.#.# *******
**,,,,,#.##.##.##...#,#+#**,,,,,,
**,,_,,#.##.##.####....,,,,,,****
**,,,,,#.##.##.........,,,,,,,,,,
**,,,,,#.##............,,,,,,,,,,
****+###.<.............,,,,,,,*,,
,,,*,#...............,,,,,,,,**,,
,*,*,#.############.#+*+***,,,,,,
,*,*,#.#,,,,,,,,,,*.#,*,*********


You could see a wyvern zombie.

Vanquished Creatures
  The ghost of Linguinho the Skirmisher, an amateur DsMo of Cheibriados (D:3)
  2 crimson imps (D:3)
  A hound (D:3)
  Jessica (D:2)
  3 adders
  3 worms
  4 dart slugs
  3 orcs (D:3)
  7 giant cockroaches
  13 goblins
  2 hobgoblins (D:1)
  9 jackals
  5 bats
  6 kobolds
  7 rats
67 creatures vanquished.

Notes
Turn   | Place    | Note
-------+----------+-------------------------------------------
     0 | D:1      | Linguinho the Demonspawn Monk began the quest for the Orb.
     0 | D:1      | Reached XP level 1. HP: 18/18 MP: 1/1
   245 | D:1      | Gained mutation: You are slightly more attuned to the shadows. [demonic ancestry]
   245 | D:1      | Reached XP level 2. HP: 20/24 MP: 2/2
   270 | D:1      | Reached skill level 1 in Armour
   915 | D:1      | Reached XP level 3. HP: 20/29 MP: 3/3
  2000 | D:2      | HP: 1/29 [worm (7)]
  2976 | D:2      | Gained mutation: You are partially covered in sharp spines. [demonic ancestry]
  2976 | D:2      | Reached XP level 4. HP: 10/35 MP: 4/4
  3278 | D:2      | Reached skill level 1 in Short Blades
  3371 | D:2      | Noticed Jessica
  3377 | D:2      | Killed Jessica
  3645 | D:3      | Found a shimmering altar of Xom.
  3785 | D:3      | Gained mutation: You have a pair of small horns on your head. [demonic ancestry]
  3785 | D:3      | Reached XP level 5. HP: 36/41 MP: 5/5
  4350 | D:3      | Noticed Linguinho's ghost (amateur DsMo)
  4379 | D:3      | HP: 2/41 [Linguinho's ghost (6)]
  4388 | D:3      | Killed Linguinho's ghost
  4388 | D:3      | Gained mutation: You are partially covered in yellow scales. (AC +2) [demonic ancestry]
  4388 | D:3      | Reached XP level 6. HP: 23/48 MP: 6/6
  4568 | D:4      | HP: 1/48 [wyvern zombie (8)]
  4570 | D:4      | Slain by a wyvern zombie

Skill      XL: |  1  2  3  4  5 |
---------------+----------------+-----
Polearms       | 3 |  3.1
Armour         | 1 |  1.0
Stealth        | 2 3 |  3.9
Dodging        | 3 |  3.6
Short Blades   | 1 2 |  2.5
Fighting       | |  3.7

Action                   |  1- 3 |  4- 6 || total
-------------------------+-------+-------++-------
Melee: Spear             |    49 |       ||    49
       Dagger            |   239 |   113 ||   352
       Headbutt          |       |    21 ||    21
  Use: Potion            |     2 |     2 ||     4
       Scroll            |       |     1 ||     1
 Stab: Sleeping          |     6 |     5 ||    11
  Eat: Bread ration      |     1 |       ||     1
       Royal jelly       |     1 |       ||     1
       Chunk             |       |     4 ||     4
       Meat ration       |       |     1 ||     1
Armor: Robe              |    47 |    22 ||    69
Dodge: Dodged            |   149 |    43 ||   192
